 Dungeon Crawl Stone Soup version 0.21-a0-615-g8e08f28 (webtiles) character file.

9 slep the Ducker (level 2, -2/22 HPs)
             Began as a Demonspawn Gladiator on Dec 23, 2017.
             Slain by a kobold (4 damage)
             ... on level 1 of the Dungeon.
             The game lasted 00:01:00 (191 turns).

slep the Ducker (Demonspawn Gladiator)               Turns: 191, Time: 00:01:00

Health: -2/22      AC:  5    Str: 14    XL:     2   Next: 6%
Magic:  2/2        EV: 13    Int:  9    God:
Gold:   57         SH:  0    Dex: 14    Spells: 1/1 levels left

rFire    . . .     SeeInvis .   a - +0 long sword
rCold    . . .     Gourm    .   (no shield)
rNeg     . . .     Faith    .   b - +0 leather armour
rPois    .         Spirit   .   c - +0 helmet
rElec    .         Reflect  .   (no cloak)
rCorr    .         Harm     .   (no gloves)
MR       .....                  h - +0 pair of boots
Stlth    +.........             (no amulet)
HPRegen  0.07/turn              (no ring)
MPRegen  0.08/turn              (no ring)

@: no status effects
A: hooves 1
a: no special abilities


You were on level 1 of the Dungeon.
You were not hungry.

You visited 1 branch of the dungeon, and saw 1 of its levels.

You collected 57 gold pieces.

Inventory:

Hand Weapons
 a - a +0 long sword (weapon)
Missiles
 d - 3 throwing nets (quivered)
 g - 21 poisoned needles
Armour
 b - a +0 leather armour (worn)
 c - a +0 helmet (worn)
 h - a +0 pair of boots (worn)
Scrolls
 e - 4 scrolls of remove curse {unknown}
Comestibles
 f - 2 rations


   Skills:
 + Level 2.0 Fighting
 + Level 2.9 Long Blades
 + Level 1.9 Throwing
 + Level 3.0 Dodging


You had one spell level left.
You didn't know any spells.

Dungeon Overview and Level Annotations

Branches:
Dungeon (1/15)

Altars:


Innate Abilities, Weirdness & Mutations

You have large cloven feet.


Message History

You hit the kobold.
The kobold is moderately wounded.
The bat hits you but does no damage. The kobold hits you but does no damage.
You closely miss the kobold.
The kobold is moderately wounded.
The bat closely misses you. The kobold hits you but does no damage.
The kobold hits you.
* * * LOW HITPOINT WARNING * * *
You miss the kobold.
The kobold is moderately wounded.
The bat hits you but does no damage. The kobold hits you.
* * * LOW HITPOINT WARNING * * *
The kobold hits you but does no damage. The bat hits you but does no damage.
You closely miss the kobold.
The kobold is moderately wounded.
The bat hits you but does no damage. The kobold hits you but does no damage.
You hit the kobold.
The kobold is moderately wounded.
The bat hits you but does no damage. The kobold hits you.
You die...

.##
................#
...
######.#####...#
... ..#.# #..)# #.
#.#.# #...# #
#.#'#####..... #
.##+#......##.#.###
...
.......%...##....
... .......b...#
##.## ...
......K@...+ #..
......KK...# #..
......#........ #
......#.#......
........+......
.......##......
###.. . ###### #.
..


You could see a bat and 3 kobolds.

Vanquished Creatures
  2 dart slugs (D:1)
  A goblin (D:1)
  A hobgoblin (D:1)
  A bat (D:1)
  A rat (D:1)
6 creatures vanquished.

Notes
Turn   | Place    | Note
-------+----------+-------------------------------------------
     0 | D:1      | slep the Demonspawn Gladiator began the quest for the Orb.
     0 | D:1      | Reached XP level 1. HP: 16/16 MP: 1/1
   166 | D:1      | Reached skill level 3 in Dodging
   166 | D:1      | Gained mutation: You have large cloven feet. [demonic ancestry]
   166 | D:1      | Reached XP level 2. HP: 8/22 MP: 2/2
   191 | D:1      | Slain by a kobold

Vault maps used:
D:1:      minmay_arrival_open_corners

Skill      XL: |  1 |
---------------+----+-----
Dodging        | 3 |  3.0
Fighting       | |  2.0
Long Blades    | |  2.9
Throwing       | |  1.9

Action                   || total
-------------------------++-------
Melee: Long sword        ||    23
Armor: Leather armour    ||    14
Dodge: Dodged            ||    10
       Rpst.: Long sword ||     1

Table legend:
 A = Spawn XP
 B = Non-spawn XP
 C = Spawn XP percentage of total XP
 D = Spawn monster count
 E = Non-spawn monster count
 F = Spawn count percentage of total count
 G = Total turns spent on level
                    A         B        C        D         E        F      G
               +---------+---------+-------+---------+---------+-------+---------
         Total |       0 |      14 |   0.0 |       0 |       6 |   0.0 |   191
               +---------+---------+-------+---------+---------+-------+---------
           D:1 |       0 |      14 |   0.0 |       0 |       6 |   0.0 |   191
               +---------+---------+-------+---------+---------+-------+---------
